 Dungeon Crawl Stone Soup version 0.26-a0-958-gf3041fb45f (webtiles) character file.

Game seed: 8624470703907620395

499 PentaManta the Ducker (level 7, 0/48 HPs)
             Began as a Halfling Monk on Nov 30, 2020.
             Slain by a mummy (2 damage)
             ... on level 4 of the Dungeon.
             The game lasted 00:08:11 (3166 turns).

PentaManta the Ducker (Halfling Monk)               Turns: 3166, Time: 00:08:12

Health: 0/48       AC: 10    Str: 14    XL:     7   Next: 39%
Magic:  7/7        EV: 17    Int:  8    God:
Gold:   173        SH:  0    Dex: 17    Spells: 6/6 levels left

rFire    . . .     SeeInvis .   j - +3 short sword (drain)
rCold    . . .     Faith    .   (shield restricted)
rNeg     . . .     Spirit   .   n - +0 ring mail (curse)
rPois    .         Reflect  .   (no helmet)
rElec    .         Harm     .   (no cloak)
rCorr    +         Rampage  .   h - +2 pair of gloves
MR       .....                  v - +0 pair of boots
Stlth    ++........             (no amulet)
HPRegen  0.16/turn              a - ring of resist corrosion
MPRegen  0.10/turn              (no ring)

@: no status effects
A: small, mutation resistance 1
a: no special abilities


You were on level 4 of the Dungeon.
You visited 1 branch of the dungeon, and saw 4 of its levels.
You also visited: Ossuary.

You collected 173 gold pieces.

Inventory:

Hand Weapons
 d - a +3 dagger
 j - a +3 short sword of draining (weapon)
 p - a cursed -2 hunting sling
Missiles
 c - 17 poisoned darts
 i - 8 sling bullets
 t - 87 stones (quivered)
 u - 39 bolts
Armour
 e - a +1 chain mail
 f - a +1 ring mail of fire resistance
 h - a +2 pair of gloves (worn)
 m - a +0 scale mail
 n - a cursed +0 ring mail (worn)
 v - a +0 pair of boots (worn)
Jewellery
 a - a ring of resist corrosion (left hand)
Scrolls
 l - a scroll of remove curse
 o - a scroll of fog
 r - a scroll of identify
Potions
 b - a potion of mutation


   Skills:
 + Level 4.0 Fighting
 - Level 3.6 Short Blades
 * Level 4.8 Armour
 * Level 5.9 Dodging
 - Level 2.1 Stealth


You had 6 spell levels left.
You didn't know any spells.
Your spell library was empty.

Dungeon Overview and Level Annotations

Branches:
Dungeon (4/15)            Ossuary (visited)
 Temple: D:4-7

Altars:

Annotations:
D:1 exclusion: downstairs


Innate Abilities, Weirdness & Mutations

You are small and have problems with some larger weapons.
You are somewhat resistant to further mutation.


Message History

The orc zombie hits you but does no damage.
The hobgoblin zombie hits you but does no damage.
The mummy hits you.
* * * LOW HITPOINT WARNING * * *
The mummy barely misses you.
Your magical effects are unravelling.
You feel magically purged.
You feel less wooden.
Your +2 pair of gloves unmelds from your body.
Your +0 pair of boots unmelds from your body.
Your cursed +0 ring mail unmelds from your body.
You feel yourself slow down.
The big kobold zombie hits you but does no damage.
The orc zombie misses you. The hobgoblin zombie misses you.
The mummy misses you. The big kobold zombie misses you.
The orc zombie closely misses you. The mummy completely misses you.
Welcome back to the Dungeon!
There is a collapsed entrance here.
The mummy hits you.
You die...

#.# #†# #.# ##[##
####.###.).# #####
#.....##...#### #....#
#.##..........##..#..#
#.###............##..###
#.# #...........###....
#.# #..........##.#..#
..# #.........##@.#..#
### ###......##.M.'.# #
#.......##M.#.# #
#.##.....##.#.# # #?
##.....###.# #
##.##..##.# # #.##...#.#
#.##.#...# #.##.#####


You could see 2 mummies.

Vanquished Creatures
  Grinder (D:3)
  A sky beast (D:2)
  Terence (D:3)
  3 mummies
  6 adders
  An ooze (D:2)
  An adder skeleton (D:4)
  A worm (D:3)
  2 dart slugs
  2 leopard geckos
  11 orcs
  9 bats
  5 giant cockroaches
  3 hobgoblins
  4 jackals (D:4)
  10 kobolds
  A quokka (D:2)
  3 ball pythons
  2 frilled lizards (D:2)
  3 goblins
  2 orc zombies (Ossuary)
  11 rats
83 creatures vanquished.

Notes
Turn   | Place    | Note
-------+----------+-------------------------------------------
     0 | D:1      | PentaManta the Halfling Monk began the quest for the Orb.
     0 | D:1      | Reached XP level 1. HP: 15/15 MP: 1/1
   349 | D:1      | Reached XP level 2. HP: 20/20 MP: 2/2
   405 | D:1      | Reached skill level 1 in Armour
   999 | D:1      | Reached XP level 3. HP: 26/26 MP: 3/3
  1546 | D:2      | Noticed a sky beast
  1549 | D:2      | Killed a sky beast
  1550 | D:2      | Reached skill level 4 in Dodging
  1550 | D:2      | Reached XP level 4. HP: 31/31 MP: 4/4
  1550 | D:2      | Reached XP level 5. HP: 36/36 MP: 5/5
  2205 | D:3      | Reached XP level 6. HP: 42/42 MP: 6/6
  2224 | D:3      | Noticed Grinder
  2243 | D:3      | Reached skill level 5 in Dodging
  2245 | D:3      | Paralysed by Grinder for 4 turns
  2266 | D:3      | Killed Grinder
  2267 | D:3      | Reached XP level 7. HP: 47/47 MP: 7/7
  2795 | D:3      | Found a faded altar of an unknown god.
  2798 | D:3      | Noticed Terence
  2805 | D:3      | Killed Terence
  3078 | D:4      | Found a sand-covered staircase.
  3096 | Ossuary  | Entered an ossuary
  3160 | Ossuary  | HP: 3/72 [mummy (4)]
  3166 | D:4      | Slain by a mummy

Illustrated notes

Levels and vault maps discovered:
D:1:      grunt_arrival_lava_bath, layout_basic
D:2:      layout_basic
D:3:      layout_rooms, chequers_ecumenical_altar_grove, uniq_terence,
          uniq_grinder
D:4:      layout_loops_ring, zin_purify, gup_ossuary_entry_pyramid,
          uniq_crazy_yiuf_cottage

Skill      XL: |  1  2  3  4  5  6  7 |
---------------+----------------------+-----
Armour         | 1 3 4 |  4.8
Fighting       | 3 4 |  4.0
Dodging        | 4 5 |  5.9
Short Blades   | |  3.6
Stealth        | |  2.1

Action                   |  1- 3 |  4- 6 |  7- 9 || total
-------------------------+-------+-------+-------++-------
Melee: Short sword       |   130 |    84 |    97 ||   311
  Use: Scroll            |     8 |     2 |     1 ||    11
       Potion            |       |     7 |     5 ||    12
 Stab: Sleeping          |     2 |     3 |       ||     5
Armor: Chain mail        |    26 |       |       ||    26
       Robe              |     2 |       |       ||     2
       Ring mail         |    24 |    27 |    16 ||    67
       Skin              |       |     6 |    42 ||    48
Dodge: Dodged            |    96 |    79 |    83 ||   258

Table legend: (Time is in decaauts)
 A = Elapsed time spent in this place.
 B = Non-inter-level travel time spent in this place.
 C = Inter-level travel time spent in this place.
 D = Time resting spent in this place.
 E = Time spent auto-exploring this place.
 F = Levels seen in this place.
 G = Mean time per level.
                   A        B        C        D        E       F      G
               +--------+--------+--------+--------+--------+-----+--------+
         Total |   3125 |   2834 |    291 |    347 |   1683 |   5 |  625.0 |
       Dungeon |   3058 |   2767 |    291 |    336 |   1683 |   4 |  764.5 |
       Ossuary |     66 |     66 |      0 |     11 |      0 |   1 |   66.0 |
               +--------+--------+--------+--------+--------+-----+--------+

Top non-repeatable levels by time:
     D:1: 1267 daAuts
     D:2: 843 daAuts
     D:3: 732 daAuts
     D:4: 215 daAuts
 Ossuary: 66 daAuts
